 Dungeon Crawl Stone Soup version 0.30.0-29-ga12c61a403 (webtiles) character file.

Game seed: 42097064028383031

90 cheesebisquit the Chopper (level 4, 0/40 HPs)
             Began as a Hill Orc Fighter on June 10, 2023.
             Slain by a goblin
             ... wielding a +0 club
             ... led by Robin
              (3 damage)
             ... on level 2 of the Dungeon.
             The game lasted 00:03:20 (1553 turns).

cheesebisquit the Chopper (Hill Orc Fighter)        Turns: 1553, Time: 00:03:20

Health: 0/40       AC:  7    Str: 20    XL:     4   Next: 56%
Magic:  4/4        EV:  9    Int: 14    God:
Gold:   71         SH:  4    Dex: 10    Spells: 3/3 levels left

rFire   . . .        a - +0 war axe
rCold   . . .        c - +0 buckler
rNeg    . . .        b - +0 scale mail
rPois   .            (no helmet)
rElec   .            (no cloak)
rCorr   .            (no gloves)
SInv    .            (no boots)
Will    +....        (no amulet) Stlth
                     h - ring of willpower
HPRegen 0.26/turn    o - +6 ring of intelligence
MPRegen 0.09/turn

%: no passive effects
@: mighty
A: no striking features
a: no special abilities


You were on level 2 of the Dungeon.
You visited 1 branch of the dungeon, and saw 2 of its levels.

You collected 71 gold pieces.

Inventory:

Hand Weapons
 a - a +0 war axe (weapon)
Missiles
 e - 10 poisoned darts (quivered)
 p - 6 javelins
Armour
 b - a +0 scale mail (worn)
 c - a +0 buckler (worn)
Jewellery
 h - a ring of willpower (left hand)
 o - a +6 ring of intelligence (right hand)
 t - a ring of fire
Scrolls
 f - 2 scrolls of teleportation {unknown}
 g - a scroll of vulnerability {unknown}
 i - 2 scrolls of identify {unknown}
 n - a scroll of silence {unknown}
 r - a scroll of magic mapping {unknown}
 s - a scroll of immolation {unknown}
Potions
 j - 3 potions of berserk rage {unknown}
 k - a potion of curing {unknown}
 l - a potion of lignification {unknown}
 m - a potion of invisibility {unknown}
 q - a potion of brilliance {unknown}


   Skills:
 + Level 4.2 Fighting
 * Level 4.4 Axes
 + Level 3.9 Armour
 + Level 3.9 Shields


You had 3 spell levels left.
You didn't know any spells.
Your spell library contained the following spells:

 Spells                   Type           Power      Damage    Failure   Level
 Manifold Assault         Tloc           0%         N/A       100%        4
 Dispersal                Tloc           0%         N/A       100%        6
 Disjunction              Tloc           0%         N/A       100%        8


Dungeon Overview and Level Annotations

Branches:
Dungeon (2/15)

Altars:


Message History

* * * LOW HITPOINT WARNING * * *
You block the goblin's attack.
You closely miss Robin.
Robin is moderately wounded.
You completely miss the goblin. You miss the goblin.
The goblin no longer looks unusually strong.
Robin hits you but does no damage. The goblin barely misses you.
The goblin hits you but does no damage.
You barely miss Robin.
Robin is moderately wounded.
You closely miss the goblin. You hit the goblin but do no damage.
Robin barely misses you. The goblin hits you but does no damage.
The goblin barely misses you.
You hit Robin.
Robin is heavily wounded.
You closely miss the goblin. You barely miss the goblin.
Robin hits you with a +0 short sword.
* * * LOW HITPOINT WARNING * * *
The goblin hits you but does no damage. The goblin closely misses you.
You feel very mighty all of a sudden.
Robin roars a battlecry!
The goblin goes into a battle-frenzy!
The goblin barely misses you. The goblin hits you with a +0 club.
* * * LOW HITPOINT WARNING * * *
You barely miss Robin.
Robin is heavily wounded.
You completely miss the goblin. You barely miss the goblin.
Robin hits you with a +0 short sword.
* * * LOW HITPOINT WARNING * * *
The goblin hits you but does no damage. The goblin hits you with a +0 club.
* * * LOW HITPOINT WARNING * * *
Robin barely misses you. The goblin hits you with a +0 club.
* * * LOW HITPOINT WARNING * * *
The goblin barely misses you.
You slash Robin!
You kill Robin!
You barely miss the goblin. You slash the goblin!
You kill the goblin!
The goblin hits you with a +0 club.
You die...

## #.# .## #.# ..# #.##
.## #..# #+## .# ##.#
#...# .# #.### #..... .#
#.#.## #......
.########....####)......
...............)@)......
.#######.....####g......
.# #....## #...... .#
#.#### #..... .# #.#
#...# .# #.# ######+##
.# #># #...##.# .# #.#
#.#.##.# .# #.#
#.#.##.##


You could see a goblin (strong).

Vanquished Creatures
  Terence (D:2)
  Robin (D:2)
  An adder (D:2)
  3 worms (D:2)
  A dart slug (D:1)
  7 bats
  An endoplasm (D:1)
  12 goblins
  5 hobgoblins
  A kobold (D:1)
  A quokka (D:1)
  7 ball pythons
  7 frilled lizards
  3 rats
51 creatures vanquished.

Notes
Turn   | Place    | Note
-------+----------+-------------------------------------------
     0 | D:1      | cheesebisquit the Hill Orc Fighter began the quest for the
                  | Orb.
     0 | D:1      | Reached XP level 1. HP: 19/19 MP: 1/1
   100 | D:1      | Reached XP level 2. HP: 27/27 MP: 2/2
   172 | D:1      | Found a faded altar of an unknown god.
   612 | D:1      | Reached XP level 3. HP: 32/33 MP: 3/3
   880 | D:2      | Noticed Terence
   895 | D:2      | Killed Terence
  1191 | D:2      | Reached XP level 4. HP: 40/40 MP: 4/4
  1535 | D:2      | Noticed Robin
  1552 | D:2      | HP: 2/40 [goblin/+0 club[Robin] (1)]
  1553 | D:2      | Killed Robin
  1553 | D:2      | Slain by a goblin

Illustrated notes

Levels and vault maps discovered:
D:1:      dpeg_arrival_court, layout_basic, basic_ecumenical_altar
D:2:      layout_loops_corners, serial_shops, nicolae_shop_tiny_real_fake_doors,
          uniq_terence, uniq_robin

Skill      XL: |  1  2  3 |
---------------+----------+-----
Axes           | 3 4 |  4.4
Fighting       | 4 |  4.2
Armour         | |  3.9
Shields        | |  3.9

Action                     |  1- 3 |  4- 6 || total
---------------------------+-------+-------++-------
  Melee: War axe           |    81 |    39 ||   120
    Use: Potion            |       |     1 ||     1
 Armour: Scale mail        |    32 |    36 ||    68
  Dodge: Dodged            |    43 |    28 ||    71
  Block: Buckler           |    18 |    12 ||    30
